 Dungeon Crawl Stone Soup version 0.21.1-68-g103a7af (webtiles) character file.

307 tyranidshit the Skirmisher (level 6, -4/52 HPs)
             Began as a Demonspawn Abyssal Knight on Aug 2, 2018.
             Was a Believer of Lugonu.
             Killed from afar by Sigmund (9 damage)
             ... with a magic dart
             ... on level 4 of the Dungeon.
             The game lasted 00:06:15 (2690 turns).

tyranidshit the Skirmisher (DsAK)                   Turns: 2690, Time: 00:06:16

Health: -4/52      AC:  9    Str: 18    XL:     6   Next: 16%
Magic:  7/7        EV:  7    Int: 16    God:    Lugonu [**....]
Gold:   166        SH:  0    Dex: 12    Spells: 5/5 levels left

rFire    . . .     SeeInvis .   a - +2 hand axe
rCold    + . .     Gourm    .   (no shield)
rNeg     . . .     Faith    .   j - +0 chain mail
rPois    .         Spirit   .   (no helmet)
rElec    .         Reflect  .   (no cloak)
rCorr    .         Harm     .   (no gloves)
MR       .....                  (no boots)
Stlth    ..........             (no amulet)
HPRegen  0.17/turn              e - +3 ring of intelligence
MPRegen  0.10/turn              f - +3 ring of strength

@: no status effects
A: claws 2, blink, cold resistance 1, spiny 1, evolution 1
a: Blink, Depart the Abyss, Bend Space, Renounce Religion


You were on level 4 of the Dungeon.
You worshipped Lugonu.
Lugonu was pleased with you.
You were not hungry.

You visited 1 branch of the dungeon, and saw 4 of its levels.
You visited the Abyss 1 time.

You collected 166 gold pieces.

Inventory:

Hand Weapons
 a - a +2 hand axe (weapon)
Armour
 b - a +0 leather armour
 i - a +0 pair of gloves
 j - a +0 chain mail (worn)
Jewellery
 e - a +3 ring of intelligence (left claw)
 f - a +3 ring of strength (right claw)
 p - an uncursed ring of teleportation
Scrolls
 d - 2 scrolls of magic mapping
 h - a scroll of remove curse
 k - 2 scrolls of teleportation
 q - 4 scrolls of identify
Potions
 g - a potion of flight
 m - 3 potions of brilliance
Comestibles
 c - 4 rations


   Skills:
 - Level 6.0 Fighting
 - Level 1.8 Axes
 + Level 3.6 Armour
 - Level 0.8 Dodging
 - Level 2.4 Invocations


You had 5 spell levels left.
You didn't know any spells.

Dungeon Overview and Level Annotations

Branches:
Dungeon (4/15)
 Temple: D:4-7

Altars:
Cheibriados

Annotations:
D:4 Sigmund


Innate Abilities, Weirdness & Mutations

You have very sharp fingernails.
You are partially covered in sharp spines.
You can translocate small distances at will.
Your flesh is cold resistant. (rC+)
You evolve.


Message History

Sigmund points at you and mumbles some strange words.
You resist with some effort.
Sigmund points at you and mumbles some strange words.
The puff of flame misses you.
Your chain mail prevents you from hitting Sigmund.
Sigmund is severely wounded.
Sigmund hits you with a scythe!
* * * LOW HITPOINT WARNING * * *
You closely miss Sigmund.
Sigmund is severely wounded.
You hit Sigmund.
Sigmund is severely wounded.
Sigmund points at you and mumbles some strange words.
You resist with some effort.
Sigmund points at you and mumbles some strange words.
The puff of flame hits you!
* * * LOW HITPOINT WARNING * * *
Sigmund gestures at you while chanting. The magic dart hits you!
You die...

..........# ..# #
#.#...# #.########
#####.##.####.##.....#
.......#....[.##.....#
..........###).......#
.......#.............#
########.#####.#.....###
# #.# ##...#...... # #.#
##..@...###.. #
###.####.......###. #
#...........@....... #
#.##.##.#$......###.
#####.# #.##......#
......# . ......#...
.####.# .####.######
....#.#####.# ###
............#


You could see Sigmund.

Vanquished Creatures
  The ghost of tyranidshit the Skirmisher, an amateur DsAK of Lugonu (D:3)
  An ogre (D:3)
  4 gnolls (D:3)
  An adder (D:2)
  An ooze (D:1)
  2 worms
  3 dart slugs
  A leopard gecko (D:2)
  3 orcs (D:3)
  3 ball pythons
  3 bats
  5 giant cockroaches
  10 goblins
  5 hobgoblins
  7 jackals
  A quokka (D:3)
  3 frilled lizards
  4 kobolds
  8 rats
66 creatures vanquished.

Notes
Turn   | Place    | Note
-------+----------+-------------------------------------------
     0 | Abyss:1  | tyranidshit the Demonspawn Abyssal Knight began the quest for the Orb.
     0 | Abyss:1  | Reached XP level 1. HP: 18/18 MP: 2/2
    19 | Abyss:1  | Found a corrupted altar of Lugonu.
    80 | Abyss:1  | Gained mutation: You can translocate small distances at will. [potion of mutation]
    80 | Abyss:1  | Gained mutation: You evolve. [potion of mutation]
   164 | Abyss:1  | Noticed a worldbinder
   165 | Abyss:1  | Noticed a blink frog
   166 | Abyss:1  | Noticed a blink frog
   166 | Abyss:1  | Noticed a blink frog
   168 | D:1      | Escaped the Abyss
   266 | D:1      | Reached * piety under Lugonu
   266 | D:1      | Gained mutation: You are partially covered in sharp spines. [demonic ancestry]
   266 | D:1      | Reached XP level 2. HP: 13/24 MP: 3/3
   436 | D:1      | Reached skill level 4 in Fighting
   557 | D:1      | Gained mutation: Your flesh is cold resistant. (rC+) [evolution]
   894 | D:2      | Reached XP level 3. HP: 30/30 MP: 4/4
   912 | D:2      | Found a snail-covered altar of Cheibriados.
  1130 | D:2      | Reached ** piety under Lugonu
  1165 | D:2      | Gained mutation: You have sharp fingernails. [demonic ancestry]
  1165 | D:2      | Reached XP level 4. HP: 34/38 MP: 5/5
  1642 | D:3      | Noticed tyranidshit's ghost (amateur DsAK)
  1657 | D:3      | Killed tyranidshit's ghost
  1657 | D:3      | Reached skill level 5 in Fighting
  1657 | D:3      | Reached XP level 5. HP: 32/46 MP: 6/6
  1729 | D:3      | Reached skill level 6 in Fighting
  2478 | D:4      | Noticed an ogre
  2515 | D:3      | Killed an ogre
  2515 | D:3      | Gained mutation: You have very sharp fingernails. [demonic ancestry]
  2515 | D:3      | Reached XP level 6. HP: 24/52 MP: 7/7
  2665 | D:4      | Noticed Sigmund
  2690 | D:4      | Killed from afar by Sigmund

Skill      XL: |  1  2  3  4  5 |
---------------+----------------+-----
Fighting       | 4 5 6 |  6.0
Armour         | 3 |  3.6
Axes           | |  1.8
Dodging        | |  0.8
Invocations    | |  2.4

Action                   |  1- 3 |  4- 6 || total
-------------------------+-------+-------++-------
Melee: Hand axe          |    83 |    84 ||   167
Invok: Depart the Abyss  |     1 |       ||     1
  Use: Potion            |     6 |     5 ||    11
       Scroll            |     4 |     6 ||    10
  Eat: Ration            |       |     1 ||     1
       Chunk             |       |     2 ||     2
Armor: Leather armour    |    12 |       ||    12
       Chain mail        |    24 |    34 ||    58
       Skin              |       |     1 ||     1
Dodge: Dodged            |    41 |    23 ||    64
